 Dungeon Crawl Stone Soup version 0.28.0 (webtiles) character file.

Game seed: 17810431986622033551

161 Kold the Chopper (level 5, 33/47 HPs)
             Began as a Gnoll Cinder Acolyte on Feb 10, 2022.
             Quit the game on level 3 of the Dungeon.
             The game lasted 00:03:42 (2395 turns).

Kold the Chopper (Gnoll Cinder Acolyte)             Turns: 2395, Time: 00:03:43

Health: 33/47      AC:  6    Str: 14    XL:     5   Next: 42%
Magic:  9/9        EV: 11    Int: 13    God:
Gold:   56         SH:  0    Dex:  9    Spells: 10/10 levels left

rFire   . . .      SeeInvis .   d - +1 dagger (venom)
rCold   . . .      Faith    .   (no shield)
rNeg    . . .      Spirit   .   b - +0 robe
rPois   .          Reflect  .   (no helmet)
rElec   .          Harm     .   (no cloak)
rCorr   .          Rampage  .   (no gloves)
Will    .....                   (no boots)
Stlth   +.........              (no amulet)
HPRegen 0.15/turn               c - +4 ring of protection
MPRegen 0.11/turn               (no ring)

@: fire susceptible
A: fangs 1, strong nose, distributed training
a: no special abilities


You were on level 3 of the Dungeon.
You visited 1 branch of the dungeon, and saw 4 of its levels.

You collected 56 gold pieces.

Inventory:

Hand Weapons
 a - a -1 hand axe of flaming
 d - a +1 dagger of venom (weapon)
Armour
 b - a +0 robe (worn)
Jewellery
 c - a +4 ring of protection (left hand)
 m - a ring of protection from fire
Scrolls
 e - 2 scrolls of identify {unknown}
 f - a scroll of teleportation {unknown}
 g - a scroll of fear {unknown}
 i - a scroll of brand weapon {unknown}
 k - a scroll of magic mapping {unknown}
 l - a scroll of amnesia {unknown}
 n - a scroll of vulnerability {unknown}
Potions
 h - a potion of resistance {unknown}
 j - a potion of berserk rage {unknown}


   Skills:
 + Level 6.7 Fighting
 + Level 1.4 Short Blades
 + Level 1.4 Long Blades
 + Level 6.7 Axes
 + Level 1.4 Maces & Flails
 + Level 1.4 Polearms
 + Level 1.4 Staves
 + Level 1.4 Slings
 + Level 1.4 Bows
 + Level 1.4 Crossbows
 + Level 1.4 Throwing
 + Level 1.4 Armour
 + Level 1.4 Dodging
 + Level 1.4 Stealth
 + Level 1.4 Shields
 + Level 1.4 Unarmed Combat
 + Level 3.1 Spellcasting
 + Level 1.1 Conjurations
 + Level 1.1 Hexes
 + Level 1.1 Summonings
 + Level 1.1 Necromancy
 + Level 1.1 Translocations
 + Level 1.1 Transmutations
 + Level 5.5 Fire Magic
 + Level 1.1 Ice Magic
 + Level 1.1 Air Magic
 + Level 1.1 Earth Magic
 + Level 1.1 Poison Magic
 + Level 1.6 Invocations
 + Level 1.4 Evocations


You had 10 spell levels left.
You didn't know any spells.
Your spell library contained the following spells:

 Spells                   Type           Power      Damage    Failure   Level
 Scorch                   Fire           32%        2d7       3%          2
 Inner Flame              Hex/Fire       10%        N/A       17%         3
 Cause Fear               Hex            2%         N/A       80%         4
 Discord                  Hex            2%         N/A       100%        8


Dungeon Overview and Level Annotations

Branches:
Dungeon (4/15)
 Temple: D:4-7

Altars:

Shops:
D:1 *

Annotations:
D:3 1 runed translucent door, coldbreeze's ghost, amateur HOFi


Innate Abilities, Weirdness & Mutations

You have very sharp teeth.
Your uncanny sense of smell can sniff out nearby items.
Your experience applies equally to all skills.


Message History

Found a scroll of immolation.
Coldbreeze's ghost turns its malevolent gaze towards you.
Could not explore, unopened runed door.
Okay, then.
Okay, then.
Could not explore, unopened runed door.
Could not explore, unopened runed door.
(D) Dungeon
Where to? (Enter - D:3, ? - help)
What level of the Dungeon? (default 1, ? - help)
There is a stone staircase leading down here.
You climb downwards.
The gnoll shouts!
The kobold shouts!
The gnoll shouts!
You hear a shout!
Found 17 stones.
Found a stone staircase leading down.
There is a stone staircase leading up here.
There are monsters nearby!
There are monsters nearby! 2 gnolls come into view.
The gnoll hits you but does no damage.
You hit the gnoll but do no damage.
The gnoll is poisoned.
The gnoll closely misses you.
You hit the gnoll.
The gnoll is lightly wounded.
The gnoll barely misses you. The gnoll misses you.
The gnoll hits you from afar with a +0 halberd!
There is a stone staircase leading up here.
Really renounce your faith, foregoing its fabulous benefits?
Are you sure?
You have lost your religion!
Ignis blazes with a vengeful fury!
Ignis burns away your resistance to fire.
The gnoll barely misses you. The kobold hits you but does no damage.
The gnoll hits you but does no damage. The gnoll closely misses you.
The kobold hits you with a +0 dagger.
The gnoll hits you from afar with a +0 halberd.
The gnoll misses you.
You climb upwards.
Level annotation: 1 runed translucent door, coldbreeze's ghost, amateur HOFi
There is a stone staircase leading down here.
Are you sure you want to abandon this character and quit the game? (Confirm with "yes".)

..................#..##
......##.....#.####.######
.##...#..###.#.###..##...#
..##................##...#
...#....####...###.......#
...##...# ##..###.......#
....#...# ###.....######
........#####..Kg#......#
.....#)...##..##@#......#
...###...)...###g#......# ..##
##......###.#......#
.######......##..#......#########
.†.#....##.#..).................#
..............).................#
...(..#........#................#
...########.#.........##........+
.......## #.#..........#........#


You could see 2 gnolls and a kobold.

Vanquished Creatures
  An orc priest (D:3)
  2 orc wizards (D:3)
  2 adders
  A dart slug (D:1)
  4 orcs (D:3)
  2 endoplasms (D:2)
  10 giant cockroaches
  6 goblins
  4 hobgoblins
  2 quokkas
  6 ball pythons
  4 bats
  5 frilled lizards
  6 kobolds
  3 rats
58 creatures vanquished.

Vanquished Creatures (others)
  16 foxfires (D:3)
  3 plants (D:1)
19 creatures vanquished.

Grand Total: 77 creatures vanquished

Notes
Turn   | Place    | Note
-------+----------+-------------------------------------------
     0 | D:1      | Kold the Gnoll Cinder Acolyte began the quest for the Orb.
     0 | D:1      | Reached XP level 1. HP: 23/23 MP: 4/4
   165 | D:1      | Found Moir's Assorted Antiques.
   173 | D:1      | Reached XP level 2. HP: 27/29 MP: 5/5
   810 | D:2      | Reached XP level 3. HP: 24/35 MP: 7/7
  1147 | D:2      | Reached skill level 1 in Invocations
  1498 | D:2      | Found a faded altar of an unknown god.
  1616 | D:3      | Reached skill level 1 in Short Blades
  1616 | D:3      | Reached skill level 1 in Long Blades
  1616 | D:3      | Reached skill level 1 in Maces & Flails
  1616 | D:3      | Reached skill level 1 in Polearms
  1616 | D:3      | Reached skill level 1 in Staves
  1616 | D:3      | Reached skill level 1 in Slings
  1616 | D:3      | Reached skill level 1 in Bows
  1616 | D:3      | Reached skill level 1 in Crossbows
  1616 | D:3      | Reached skill level 1 in Throwing
  1616 | D:3      | Reached skill level 1 in Armour
  1616 | D:3      | Reached skill level 1 in Dodging
  1616 | D:3      | Reached skill level 1 in Stealth
  1616 | D:3      | Reached skill level 1 in Shields
  1616 | D:3      | Reached skill level 1 in Unarmed Combat
  1616 | D:3      | Reached skill level 1 in Evocations
  1616 | D:3      | Reached XP level 4. HP: 19/41 MP: 8/8
  1811 | D:3      | Reached skill level 1 in Conjurations
  1811 | D:3      | Reached skill level 1 in Hexes
  1811 | D:3      | Reached skill level 1 in Summonings
  1811 | D:3      | Reached skill level 1 in Necromancy
  1811 | D:3      | Reached skill level 1 in Translocations
  1811 | D:3      | Reached skill level 1 in Transmutations
  1811 | D:3      | Reached skill level 1 in Ice Magic
  1811 | D:3      | Reached skill level 1 in Air Magic
  1811 | D:3      | Reached skill level 1 in Earth Magic
  1811 | D:3      | Reached skill level 1 in Poison Magic
  2029 | D:3      | Reached XP level 5. HP: 43/47 MP: 9/9
  2164 | D:3      | Found a runed translucent door.
  2365 | D:3      | Noticed coldbreeze's ghost (amateur HOFi)
  2392 | D:4      | Fell from the grace of Ignis
  2395 | D:3      | Quit the game

Illustrated notes

Levels and vault maps discovered:
D:1:      lemuel_arrival_muddy, layout_rooms, serial_shops,
          nicolae_shop_overgrown_old_shop, minmay_misc_feat_nine_boxes
D:2:      layout_basic, dreamdust_ecumenical_altar_hidden_monk_grotto,
          guppyfry_early_lair_pool
D:3:      layout_rooms, ebering_ghost_inner_flame
D:4:      wad_crossroads, layout_loops_ring

Skill      XL: |  1  2  3  4 |
---------------+-------------+-----
Invocations    | 1 |  1.6
Short Blades   | 1 |  1.4
Long Blades    | 1 |  1.4
Maces & Flails | 1 |  1.4
Polearms       | 1 |  1.4
Staves         | 1 |  1.4
Slings         | 1 |  1.4
Bows           | 1 |  1.4
Crossbows      | 1 |  1.4
Throwing       | 1 |  1.4
Armour         | 1 |  1.4
Dodging        | 1 |  1.4
Stealth        | 1 |  1.4
Shields        | 1 |  1.4
Unarmed Combat | 1 |  1.4
Spellcasting   | 3 |  3.1
Evocations     | 1 |  1.4
Conjurations   | 1 |  1.1
Hexes          | 1 |  1.1
Summonings     | 1 |  1.1
Necromancy     | 1 |  1.1
Translocations | 1 |  1.1
Transmutations | 1 |  1.1
Ice Magic      | 1 |  1.1
Air Magic      | 1 |  1.1
Earth Magic    | 1 |  1.1
Poison Magic   | 1 |  1.1
Fighting       | |  6.7
Axes           | |  6.7
Fire Magic     | |  5.5

Action                   |  1- 3 |  4- 6 || total
-------------------------+-------+-------++-------
Melee: Hand axe          |    23 |       ||    23
       Punch             |     1 |     1 ||     2
       Dagger            |    79 |    64 ||   143
       Bite              |    11 |     4 ||    15
Invok: Foxfire Swarm     |     1 |       ||     1
       Renounce Religion |       |     1 ||     1
Armor: Robe              |    38 |    23 ||    61
Dodge: Dodged            |    56 |    28 ||    84
